 Dungeon Crawl Stone Soup version 0.20.0-15-g7f486f2 (webtiles) character file.

284 asdasd2 the Shield-Bearer (level 6, -16/52 HPs)
             Began as a Minotaur Fighter on June 20, 2017.
             Killed from afar by Ijyb (22 damage)
             ... with a wand of lightning (?/15)
             ... on level 3 of the Dungeon.
             The game lasted 00:02:51 (1957 turns).

asdasd2 the Shield-Bearer (Minotaur Fighter)        Turns: 1957, Time: 00:02:52

Health: -16/52     AC:  9    Str: 22    XL:     6   Next: 7%
Magic:  5/5        EV:  6    Int:  5    God:
Gold:   66         SH: 10    Dex: 10    Spells: 5/5 levels left

rFire    . . .     SeeInvis .   o - +0 hand axe
rCold    . . .     Gourm    .   c - +0 shield
rNeg     . . .     Faith    .   l - +0 chain mail
rPois    .         Spirit   .   (helmet restricted)
rElec    .         Reflect  .   (no cloak)
rCorr    .         Harm     .   (no gloves)
MR       .....                  (no boots)
Stlth    ..........             (no amulet)
Regen    0.2/turn               (no ring)
MPRegen  0.1/turn               (no ring)

@: no status effects
A: retaliatory headbutt, horns 2
a: no special abilities


You were on level 3 of the Dungeon.
You were hungry.

You visited 1 branch of the dungeon, and saw 3 of its levels.

You collected 66 gold pieces.

Inventory:

Hand Weapons
 a - a +0 war axe
 o - a +0 hand axe (weapon)
Armour
 c - a +0 shield (worn)
 l - a +0 chain mail (worn)
Jewellery
 s - a cursed ring of flight {unknown}
Scrolls
 b - 2 scrolls of noise {unknown}
 g - a scroll of fog {unknown}
 h - 3 scrolls of amnesia {unknown}
 j - a scroll of identify {unknown}
 n - 2 scrolls of remove curse {unknown}
Potions
 d - a potion of invisibility {unknown}
 e - a potion of curing {unknown}
 k - 2 potions of agility {unknown}
 m - 3 potions of haste {unknown}
 q - a potion of heal wounds {unknown}
 r - a potion of berserk rage {unknown}
Comestibles
 f - 3 bread rations
 i - 2 meat rations
 p - 3 fruits
 t - a royal jelly


   Skills:
 + Level 4.2 Fighting
 + Level 4.6 Axes
 + Level 5.1 Armour
 + Level 0.7 Dodging
 + Level 5.6 Shields


You had 5 spell levels left.
You didn't know any spells.

Dungeon Overview and Level Annotations

Branches:
Dungeon (3/15)

Altars:
Kikubaaqudgha
Vehumet
Zin

Annotations:
D:3 Ijyb


Innate Abilities, Weirdness & Mutations

You reflexively headbutt those who attack you in melee.
You have a pair of horns on your head.


Message History

Ouch! That really hurt!
It is a wand of lightning (?/15).
The hobgoblin barely misses you.
You are too injured to fight recklessly!
Unknown command.
You are too injured to fight recklessly!
Unknown command.
You are too injured to fight recklessly!
Unknown command.
You closely miss Ijyb.
Ijyb is severely wounded.
You closely miss the hobgoblin. Ijyb hits you but does no damage.
The hobgoblin hits you but does no damage.
Your chain mail prevents you from hitting Ijyb.
Your headbutt misses Ijyb.
Ijyb is severely wounded.
You hit the hobgoblin but do no damage.
Ijyb zaps a wand.
The bolt of lightning hits you!
* * * LOW HITPOINT WARNING * * *
The bolt of lightning hits you!
You die...

# #...# # #...# #.. #
#...# #.# # #...# ##.##
# ########...#
##...##.#
......##...###.....#.##
.####.###.###.........
.##.....†.## #..gg.#
.##.#.##...## #.@.#
..#.#...###†####.###
....<...# #........#
..#.#...###.######.#
..#.##.#...## #.#
..........## #.##
...##..##.# #..#
.......##.#########.#
......#.........###.#


You could see Ijyb and a hobgoblin.

Vanquished Creatures
  The ghost of asdasd2 the Shield-Bearer, an amateur MiFi (D:3)
  A hound (D:3)
  6 adders
  3 dart slugs
  4 leopard geckos
  4 giant cockroaches
  4 goblins
  12 hobgoblins
  A ball python (D:1)
  8 bats
  2 frilled lizards (D:2)
  3 kobolds (D:2)
  9 rats
58 creatures vanquished.

Notes
Turn   | Place    | Note
-------+----------+-------------------------------------------
     0 | D:1      | asdasd2 the Minotaur Fighter began the quest for the Orb.
     0 | D:1      | Reached XP level 1. HP: 19/19 MP: 0/0
   126 | D:1      | Reached XP level 2. HP: 26/26 MP: 1/1
   557 | D:2      | Reached XP level 3. HP: 33/33 MP: 2/2
   915 | D:2      | Reached XP level 4. HP: 9/40 MP: 3/3
  1636 | D:3      | Noticed asdasd2's ghost (amateur MiFi)
  1644 | D:3      | Killed asdasd2's ghost
  1644 | D:3      | Reached skill level 5 in Armour
  1644 | D:3      | Reached skill level 5 in Shields
  1644 | D:3      | Reached XP level 5. HP: 19/46 MP: 4/4
  1873 | D:3      | Reached XP level 6. HP: 46/52 MP: 5/5
  1879 | D:3      | Found a glowing silver altar of Zin.
  1881 | D:3      | Found a radiant altar of Vehumet.
  1881 | D:3      | Found an ancient bone altar of Kikubaaqudgha.
  1950 | D:3      | Noticed Ijyb
  1957 | D:3      | Killed from afar by Ijyb

Skill      XL: |  1  2  3  4 |
---------------+-------------+-----
Armour         | 4 5 |  5.1
Shields        | 4 5 |  5.6
Axes           | 3 4 |  4.6
Fighting       | 4 |  4.2
Dodging        | |  0.7

Action                   |  1- 3 |  4- 6 || total
-------------------------+-------+-------++-------
Melee: War axe           |    36 |       ||    36
       Headbutt          |    12 |    13 ||    25
       Hand axe          |    41 |    77 ||   118
  Use: Potion            |       |     1 ||     1
  Eat: Chunk             |       |     3 ||     3
Armor: Scale mail        |     5 |       ||     5
       Chain mail        |    28 |    36 ||    64
Dodge: Dodged            |    20 |    16 ||    36
Block: Shield            |    39 |    41 ||    80
